 Dungeon Crawl Stone Soup version 0.31.0-32-g396128a36d (webtiles) character file.

Game seed: 13849440962575472905

39 mainiacjoe the Apothecary (level 3, 0/21 HPs)
             Began as an Octopode Alchemist on Mar 29, 2024.
             Slain by an orc priest
             ... wielding a +0 hand axe
              (5 damage)
             ... on level 3 of the Dungeon.
             The game lasted 00:06:02 (1262 turns).

mainiacjoe the Apothecary (Octopode Alchemist)      Turns: 1262, Time: 00:06:03

Health: 0/21       AC:  1    Str:  7    XL:     3   Next: 45%
Magic:  6/6        EV: 13    Int: 19    God:
Gold:   20         SH:  0    Dex: 12    Spells: 3/6 levels left

rFire   . . .        e - +0 dagger
rCold   . . .        (no shield)
rNeg    . . .        (helmet restricted)
rPois   .            (no amulet)
rElec   .            (no ring)
rCorr   .            (no ring)
SInv    .            (no ring)
Will    .....        (no ring)
Stlth   ++           (no ring)
HPRegen 0.23/turn    (no ring)
MPRegen 0.10/turn    (no ring)
                     (no ring)

%: no passive effects
@: confused, ambrosia-drunk
A: almost no armour, amphibious, 8 rings, camouflage 1, gelatinous body 1,
(nimble swimmer 1), tentacles
a: no special abilities


You were on level 3 of the Dungeon.
You visited 1 branch of the dungeon, and saw 4 of its levels.
You also visited: Ossuary.

You collected 59 gold pieces.
You spent 39 gold pieces at shops.

Inventory:

Hand Weapons
 e - a +0 dagger (weapon)
 i - a +1 dagger of speed
Missiles
 b - 29 stones
Scrolls
 d - 2 scrolls of enchant armour
 f - 2 scrolls of teleportation
 h - a scroll of fog {unknown}
Potions
 a - a potion of magic
 g - a potion of invisibility {unknown}


   Skills:
 - Level 2.0 Dodging
 - Level 2.6 Stealth
 - Level 2.0 Spellcasting
 + Level 2.2 Conjurations
 + Level 0.5 Air Magic
 + Level 4.1 Alchemy


You had 3 spell levels left.
You knew the following spells:

 Your Spells              Type           Power      Damage    Failure   Level
a - Sting                 Conj/Alch      56%        1d6       4%          1
b - Static Discharge      Conj/Air       14%        3-4/arc   14%         2

Your spell library contained the following spells:

 Spells                   Type           Power      Damage    Failure   Level
 Mercury Vapours          Alch/Air       20%        N/A       10%         2
 Mephitic Cloud           Conj/Alch/Air  10%        N/A       21%         3
 Ensorcelled Hibernation  Hex/Ice        2%         N/A       26%         2
 Fugue of the Fallen      Necr           1%         N/A       45%         3
 Olgreb's Toxic Radiance  Alch           17%        N/A       30%         4
 Sticky Flame             Fire/Alch      9%         2d5       58%         4
 Airstrike                Air            1%         2d(1-17)  80%         4
 Summon Lightning Spire   Summ/Air       2%         N/A       83%         4
 Anguish                  Hex/Necr       0%         N/A       86%         4


Dungeon Overview and Level Annotations

Branches:
Dungeon (4/15)            Ossuary (visited)
 Temple: D:4-7

Altars:

Shops:
D:1 ?*


Innate Abilities, Weirdness & Mutations

You cannot wear most types of armour.
You are amphibious.
You can wear up to eight rings at the same time.
Your skin changes colour to match your surroundings (Stealth+).
Your rubbery body absorbs attacks. (AC +1, EV +1)
((You are camouflaged when in or above water. (Stealth+)))
You have tentacles for arms and can constrict up to eight enemies at once.


Message History

i - a +1 dagger of speed An orc comes into view.
It is wielding a +0 hand axe.
An orc priest comes into view.
It is wielding a +0 whip of electrocution.
The orc priest mumbles some strange prayers to Beogh against you.
You barely resist.
The orc shouts!
The orc priest attacks as it pursues you!
The orc priest hits you with a +0 hand axe!
There is a stone staircase leading up here.
The orc priest hits you with a +0 hand axe.
You climb upwards.
You hear the sound of rushing water.
There is an entrance to a sewer on this level.
Hurry and find it before the portal rusts away!
The kobold shouts!
Found 20 gold pieces.
Found an escape hatch in the ceiling.
There is a stone staircase leading down here.
Casting: Sting (safe; 4% risk of failure)
Confirm with . or Enter, or press ? or * to list all spells.
Aiming: Sting (safe; 4% risk of failure)
Press: ? - help, Shift-Dir - straight line, f - orc priest
Aim: an orc priest, wielding a +0 hand axe (71% to hit)
The sting hits the orc priest.
The orc priest is poisoned.
The orc priest is moderately wounded.
The orc priest hits you with a +0 hand axe.
Casting: Sting (safe; 4% risk of failure)
Confirm with . or Enter, or press ? or * to list all spells.
Aiming: Sting (safe; 4% risk of failure)
Press: ? - help, Shift-Dir - straight line, f/p - orc priest
Aim: an orc priest, wielding a +0 hand axe (moderately wounded, poisoned, 71% to hit)
The sting misses the orc priest.
The orc priest hits you with a +0 hand axe!
* * * LOW HITPOINT WARNING * * *
It was a potion of ambrosia.
You are confused.
You feel invigorated.
The orc priest hits you with a +0 hand axe.
* * * LOW HITPOINT WARNING * * *
You bump into the rock wall.
The orc priest hits you with a +0 hand axe.
You die...

#..$..#
.....
..<.. ...
K.. #$#
#o# #@#
#........
#####.###


You could see an orc priest (poisoned) and a kobold.

Vanquished Creatures
  An adder (D:4)
  An orc (D:4)
  7 endoplasms
  2 giant cockroaches
  2 goblins (D:4)
  A hobgoblin (D:4)
  2 kobolds
  A quokka (D:1)
  3 ball pythons
  3 frilled lizards (D:1)
  An orc zombie (Ossuary)
  2 rats (D:1)
26 creatures vanquished.

Notes
Turn   | Place    | Note
-------+----------+-------------------------------------------
     0 | D:1      | mainiacjoe the Octopode Alchemist began the quest for the
                  | Orb.
     0 | D:1      | Reached XP level 1. HP: 11/11 MP: 3/3
    69 | D:1      | Found Plog's General Store.
   254 | D:1      | Found Wioly's Magic Scroll Boutique.
   290 | D:1      | Reached XP level 2. HP: 17/17 MP: 0/5
   382 | D:1      | Bought a scroll of teleportation for 39 gold pieces
   869 | D:2      | You fall into a shaft and drop 2 floors!
  1000 | D:4      | Found a sand-covered staircase.
  1033 | D:4      | Reached XP level 3. HP: 21/21 MP: 2/6
  1036 | D:4      | Learned a level 2 spell: Static Discharge
  1077 | D:4      | Reached skill level 4 in Alchemy
  1102 | Ossuary  | Entered an ossuary
  1260 | D:3      | HP: 1/21 [orc priest/+0 hand axe (7)]
  1262 | D:3      | Slain by an orc priest

Illustrated notes

Levels and vault maps discovered:
D:1:      giann_wishing_wells, layout_rooms, serial_shops, shop,
          nicolae_shop_waterfront
D:2:      layout_basic, grunt_ministairs_11
D:3:      layout_loops_ring, portal_sewer_entry_e, minmay_lizard_king
D:4:      layout_gridville, nicolae_ossuary_entry_ruins,
          minmay_misc_feat_four_crosses

Skill      XL: |  1  2  3 |
---------------+----------+-----
Conjurations   | 2 |  2.2
Alchemy        | 4 |  4.1
Dodging        | |  2.0
Stealth        | |  2.6
Spellcasting   | |  2.0
Air Magic      | |  0.5

Action                     || total
---------------------------++-------
  Melee: Unarmed           ||     2
         Tentacles         ||     4
         Dagger            ||    16
         Constrict         ||     5
   Cast: Sting             ||    47
         Static Discharge  ||     1
    Use: Scroll            ||     1
         Potion            ||     1
 Armour: Skin              ||    17
  Dodge: Dodged            ||    13
